 Dungeon Crawl Stone Soup version 0.29.1-1-gd02db6906a (webtiles) character file.

Game seed: 16579971538669343082

3155 Ashen the Destroyer (level 9, -4/100 HPs)
             Began as a Demonspawn Conjurer on Oct 12, 2022.
             Was a Priest of Vehumet.
             Slain by a hornet (6 damage)
             ... on level 7 of the Dungeon.
             The game lasted 00:30:56 (9787 turns).

Ashen the Destroyer (Demonspawn Conjurer)           Turns: 9787, Time: 00:30:56

Health: -4/100     AC: 24    Str:  8    XL:     9   Next: 62%
Magic:  17/28      EV:  2    Int: 23    God:    Vehumet [***...]
Gold:   398        SH:  0    Dex: 12    Spells: 1/22 levels left

rFire   . . .      SeeInvis .   C - +1 dagger (venom)
rCold   . . .      Faith    .   (no shield)
rNeg    . . .      Spirit   .   (body armour currently unavailable)
rPois   +          Reflect  .   (helmet currently unavailable)
rElec   .          Harm     .   (cloak currently unavailable)
rCorr   .          Rampage  .   (gloves currently unavailable)
Will    .....      NoTele   +   (boots currently unavailable)
Stlth   +++.......              (no amulet)
HPRegen 0.26/turn               v - ring of magical power
MPRegen 0.21/turn               (no ring)

@: tree-form
A: stationary, stasis, torment immunity, boosted hp, demonic guardian 1
a: Renounce Religion


You were on level 7 of the Dungeon.
You worshipped Vehumet.
Vehumet was most pleased with you.
You were a tree.
You visited 2 branches of the dungeon, and saw 8 of its levels.

You collected 398 gold pieces.

Inventory:

Hand Weapons
 h - a +2 whip of distortion
 j - a +4 dagger
 w - a +0 whip of electrocution
 C - a +1 dagger of venom (weapon)
Armour
 d - a +0 leather armour (melded)
 o - a +2 pair of gloves (melded)
 y - a scarf of repulsion (melded)
 I - a +0 buckler
Jewellery
 g - a ring of poison resistance
 v - a ring of magical power (left branch)
Wands
 k - a wand of flame (12)
 s - a wand of charming (6)
 u - a wand of iceblast (11)
 E - a wand of polymorph (2)
Scrolls
 a - a scroll of summoning {unknown}
 c - 2 scrolls of butterflies {unknown}
 f - 3 scrolls of enchant weapon {unknown}
 i - 4 scrolls of teleportation {unknown}
 l - a scroll of fear {unknown}
 m - a scroll of noise {unknown}
 p - a scroll of vulnerability {unknown}
 t - a scroll of torment {unknown}
 x - a scroll of acquirement {unknown}
 z - 2 scrolls of poison {unknown}
 D - a scroll of blinking {unknown}
 H - a scroll of immolation {unknown}
Potions
 b - 2 potions of magic
 e - 2 potions of flight
 n - a potion of resistance
 q - 3 potions of haste
 A - a potion of might {unknown}
 B - a potion of mutation
 F - 2 potions of attraction
 G - 3 potions of brilliance


   Skills:
 + Level 4.8 Fighting
 + Level 5.0 Dodging
 - Level 5.0 Stealth
 * Level 7.0 Spellcasting
 * Level 8.5 Conjurations


You had one spell level left.
You knew the following spells:

 Your Spells              Type           Power      Damage    Failure   Level
a - Magic Dart            Conj           100%       1d8       1%          1
b - Searing Ray           Conj           94%        2d7       1%          2
c - Dazzling Flash        Conj/Hex       54%        N/A       1%          3
d - Fulminant Prism       Conj/Hex       13%        3d9       3%          4
e - Iskenderun's Mystic   Conj/Tloc      27%        2d7       3%          4
f - Frozen Ramparts       Ice            16%        1d3       6%          3
g - Hailstorm             Conj/Ice       27%        3d7       3%          4

Your spell library contained the following spells:

 Spells                   Type           Power      Damage    Failure   Level
 Sticky Flame             Conj/Fire      27%        2d5       3%          4
 Freeze                   Ice            32%        1d5       2%          1
 Apportation              Tloc           16%        N/A       8%          1
 Beastly Appendage        Tmut           16%        N/A       8%          1
 Sting                    Tmut/Pois      32%        1d4       8%          1
 Poisonous Vapours        Pois/Air       16%        N/A       3%          2
 Olgreb's Toxic Radiance  Pois           8%         N/A       19%         4
 Agony                    Necr           8%         N/A       91%         5
 Silence                  Hex/Air        4%         N/A       91%         5


Dungeon Overview and Level Annotations

Branches:
Dungeon (7/15)             Temple (1/1) D:4

Altars:
Ashenzari
Cheibriados
Dithmenos
Fedhas
Gozag
Hepliaklqana
Kikubaaqudgha
Nemelex Xobeh
Okawaru
Qazlal
Sif Muna
Trog
Uskayaw
Vehumet
Wu Jian
Xom
Yredelemnul

Annotations:
D:5 1 transporter, leavemydog's ghost, novice DECj
D:6 1 runed translucent door


Innate Abilities, Weirdness & Mutations

You are a tree.
Your roots penetrate the ground, keeping you stationary.
You cannot be teleported.
You are immune to unholy pain and torment.
Your maximum health is greatly increased.
Your equipment is partially melded.
A weak demonic guardian rushes to your aid.


Message History

You erupt in a blast of force!
The mystic blast hits the centaur!
The centaur is severely wounded.
The centaur is knocked back by the mystic blast.
The centaur slams into the rock wall!
The centaur is almost dead.
Your demonic guardian avoids your attack.
The mystic blast hits the hornet but does no damage.
The hornet is lightly wounded.
You feel sick. The hornet stings you.
* * * LOW HITPOINT WARNING * * *
Casting: Iskenderun's Mystic Blast (dangerous; 4% risk of failure)
Confirm with . or Enter, or press ? or * to list all spells.
Aiming: Searing Ray (safe; 1% risk of failure)
Press: ? - help, Shift-Dir - straight line, f - hornet
Aim: a hornet (lightly wounded, ally target, 73% to hit)
The searing ray hits the hornet but does no damage.
The hornet is lightly wounded.
The searing ray hits the centaur!
You kill the centaur!
Vehumet accepts your kill.
You feel your power returning. (Press . to maintain the ray.)
You feel sick. The hornet stings you.
* * * LOW HITPOINT WARNING * * *
The hornet stings you but does no damage.
Your Dodging skill increases to level 5!
Your Spellcasting skill increases to level 7!
The searing ray hits the hornet!
The hornet is moderately wounded.
You feel sick.
You are no longer poisoned.
The hornet stings you but does no damage.
The searing ray hits the hornet.
The hornet is moderately wounded.
The hornet stings you but does no damage. x2
The searing ray hits the hornet!
The hornet is heavily wounded.
You finish channelling your searing ray.
The hornet stings you.
You die...

##.#)##
##.#)##
##.#.##
##.#.##
##.#5## ##
#.#.## #.#
#.#.## ##.#)#
##.#.##
##.#y#
##.#.##
##.#♣#
##.#.##
##.#5##
##.#.###.#.##
##.#.#.#.##
##.#.#.##
##.#.## ##.##
###


You could see a hornet (ally target) and a friendly white imp (summoned).

Vanquished Creatures
  Edmund (D:6)
  3 water moccasins
  A sky beast (D:6)
  A black bear (D:5)
  3 ogres (D:5)
  3 centaurs
  6 kobold brigands (D:4)
  2 phantoms
  A necrophage (D:6)
  4 scorpions (D:6)
  2 killer bees (D:6)
  6 hounds
  A gnoll bouda (D:5)
  3 orc priests
  3 iguanas
  An orc wizard (D:6)
  Ijyb (D:5)
  6 adders
  19 gnolls
  2 ufetubi
  2 worms
  2 dart slugs
  17 orcs
  6 bats
  7 endoplasms
  8 giant cockroaches
  10 goblins
  10 hobgoblins
  2 jackals (D:1)
  47 kobolds
  2 quokkas
  2 ball pythons
  4 frilled lizards
  4 rats
  A butterfly (D:6)
193 creatures vanquished.

Vanquished Creatures (collateral kills)
  A gnoll sergeant (D:7)
  3 scorpions
  A hound (D:7)
  An orc (D:7)
  2 kobolds (D:4)
8 creatures vanquished.

Vanquished Creatures (others)
  An orc (D:4)
  5 fulminant prisms (D:6)
6 creatures vanquished.

Grand Total: 207 creatures vanquished

Notes
Turn   | Place    | Note
-------+----------+-------------------------------------------
     0 | D:1      | Ashen the Demonspawn Conjurer began the quest for the Orb.
     0 | D:1      | Reached XP level 1. HP: 13/13 MP: 3/3
   299 | D:1      | Gained mutation: A weak demonic guardian rushes to your
                  | aid. [demonic ancestry]
   299 | D:1      | Reached XP level 2. HP: 19/19 MP: 3/5
   893 | D:2      | Reached XP level 3. HP: 25/25 MP: 0/6
  1185 | D:2      | Found an ornate altar of the Wu Jian Council.
  1238 | D:2      | Reached skill level 1 in Fighting
  1658 | D:2      | Found a faded altar of an unknown god.
  2102 | D:3      | Found a stormy altar of Qazlal.
  2102 | D:3      | Found an iron altar of Okawaru.
  2130 | D:3      | Reached XP level 4. HP: 32/32 MP: 1/8
  2136 | D:2      | Learned a level 2 spell: Searing Ray
  2140 | D:2      | Learned a level 3 spell: Dazzling Flash
  2928 | D:4      | Noticed a phantom
  2952 | D:4      | Killed a phantom
  2953 | D:4      | Reached XP level 5. HP: 19/37 MP: 0/9
  2958 | D:4      | Learned a level 4 spell: Fulminant Prism
  3170 | D:4      | Reached skill level 5 in Conjurations
  3774 | D:4      | Noticed a phantom
  3797 | D:3      | Killed a phantom
  3798 | D:3      | Reached XP level 6. HP: 25/44 MP: 1/11
  4219 | D:4      | Found a staircase to the Ecumenical Temple.
  4300 | Temple   | Entered the Ecumenical Temple
  4455 | Temple   | Became a worshipper of Vehumet
  4813 | D:4      | Reached XP level 7. HP: 38/51 MP: 13/13
  5082 | D:4      | Reached * piety under Vehumet
  5082 | D:4      | Offered knowledge of Freeze by Vehumet.
  5315 | D:4      | Reached skill level 6 in Conjurations
  5651 | D:4      | Reached ** piety under Vehumet
  5651 | D:4      | Offered knowledge of Shock by Vehumet.
  5695 | D:4      | Learned a level 4 spell: Iskenderun's Mystic Blast
  6267 | D:5      | Entered Level 5 of the Dungeon
  6277 | D:5      | Reached XP level 8. HP: 58/58 MP: 15/15
  6365 | D:5      | Reached skill level 5 in Spellcasting
  6675 | D:5      | Found a transporter.
  6679 | D:5      | Noticed leavemydog's ghost (novice DECj)
  6841 | D:5      | Reached skill level 7 in Conjurations
  7046 | D:5      | Noticed Ijyb
  7349 | D:5      | Killed Ijyb
  7349 | D:5      | Offered knowledge of Static Discharge by Vehumet.
  8497 | D:6      | Reached XP level 9. HP: 64/65 MP: 18/18
  8502 | D:6      | Reached *** piety under Vehumet
  8506 | D:6      | Found a runed translucent door.
  8506 | D:6      | Noticed Edmund
  8524 | D:6      | Killed Edmund
  8528 | D:6      | Got Bycalasch's Tutorial on Sorcery
  8671 | D:6      | Found a runed translucent door.
  8677 | D:6      | Learned a level 3 spell: Frozen Ramparts
  8692 | D:6      | Reached skill level 5 in Stealth
  8692 | D:6      | Reached skill level 8 in Conjurations
  9206 | D:7      | Learned a level 4 spell: Hailstorm
  9303 | D:7      | Noticed an angel
  9304 | D:7      | Found a shimmering altar of Xom.
  9447 | D:7      | Offered knowledge of Sticky Flame by Vehumet.
  9778 | D:7      | Paralysed by a hornet for 1 turns
  9784 | D:7      | HP: 2/100 [hornet (6)]
  9785 | D:7      | Reached skill level 5 in Dodging
  9787 | D:7      | Slain by a hornet

Illustrated notes

Levels and vault maps discovered:
D:1:      minmay_arrival_wavy_path, layout_rooms
D:2:      layout_basic, ebering_ecumenical_altar_petrified, basic_altar
D:3:      layout_loops_corners, mainiacjoe_overflow_divided_tiny
D:4:      minmay_goblin_kobold_castle, layout_basic, temple_hall, minmay_between
D:5:      layout_basic, gammafunk_ghost_mausoleum, uniq_ijyb
D:6:      lemuel_insect_pit, layout_rooms, uniq_edmund
D:7:      minmay_inner_zag, layout_basic,
          grunt_temple_overflow_order_and_chaos_1
Temple:   nicolae_temple_bog_church

Skill      XL: |  1  2  3  4  5  6  7  8  9 |
---------------+----------------------------+-----
Dodging        | 2 3 4 5 |  5.0
Stealth        | 2 3 4 5 |  5.0
Fighting       | 1 2 3 4 |  4.8
Spellcasting   | 3 4 6 7 |  7.0
Conjurations   | 5 6 7 8 |  8.5

Action                   |  1- 3 |  4- 6 |  7- 9 || total
-------------------------+-------+-------+-------++-------
Melee: Unarmed           |    17 |       |    13 ||    30
       Dagger            |     2 |    34 |   196 ||   232
       Punch             |       |       |     2 ||     2
 Cast: Magic Dart        |    70 |   119 |    44 ||   233
       Searing Ray       |       |     1 |    30 ||    31
       Dazzling Flash    |       |       |     7 ||     7
       Fulminant Prism   |       |       |     5 ||     5
       Iskenderun's Myst |       |       |    11 ||    11
       Frozen Ramparts   |       |       |     5 ||     5
  Use: Scroll            |     3 |       |     5 ||     8
       Potion            |       |       |     4 ||     4
 Stab: Sleeping          |       |     1 |     6 ||     7
       Invisible         |       |       |     1 ||     1
       Distracted        |       |       |     2 ||     2
Armor: Robe              |     4 |       |       ||     4
       Leather armour    |     5 |    15 |    93 ||   113
       Skin              |       |       |    16 ||    16
Dodge: Dodged            |    20 |    33 |   225 ||   278
